 Dungeon Crawl Stone Soup version 0.31-a0-544-gceb718ecc6 (webtiles) character file.

Game seed: 1770710684856383933

233 wazuzu the Cudgeller (level 6, -3/39 HPs)
             Began as a Kobold Berserker on Aug 15, 2023.
             Was a Believer of Trog.
             Killed by nerve-wracking pain
             ... invoked by a shadow imp
              (14 damage)
             ... on level 3 of the Dungeon.
             The game lasted 00:05:13 (2700 turns).

wazuzu the Cudgeller (Kobold Berserker)             Turns: 2700, Time: 00:05:13

Health: -3/39      AC:  8    Str: 16    XL:     6   Next: 26%
Magic:  6/6        EV: 13    Int:  9    God:    Trog [**....]
Gold:   67         SH:  0    Dex: 20    Spells: 5/5 levels left

rFire   . . .        a - +0 mace
rCold   . . .        (no shield)
rNeg    . . .        l - +0 scale mail
rPois   .            (no helmet)
rElec   .            s - +0 cloak
rCorr   .            (no gloves)
SInv    .            g - +0 pair of boots
Will    .....        (no amulet)
Stlth   +            m - +6 ring of dexterity
HPRegen 0.26/turn    (no ring)
MPRegen 0.10/turn

%: no passive effects
@: no status effects
A: small, no large weapons, nightstalker 3
a: Renounce Religion, Berserk, Trog's Hand


You were on level 3 of the Dungeon.
You worshipped Trog.
Trog was pleased with you.
You visited 1 branch of the dungeon, and saw 3 of its levels.

You collected 67 gold pieces.


Innate Abilities, Weirdness & Mutations

You are small and have problems with some larger weapons.
You are completely attuned to the shadows.


   Skills:
 + Level 4.6 Fighting
 * Level 4.7 Maces & Flails
 * Level 2.5 Armour
 - Level 2.4 Dodging


You had 5 spell levels left.
You didn't know any spells.
Your spell library was empty.

Dungeon Overview and Level Annotations

Branches:
Dungeon (3/15)

Altars:
Uskayaw

Annotations:
D:3 1 transporter

Inventory:

Hand Weapons
 a - a +0 mace (weapon)
Missiles
 o - 5 stones
Armour
 g - a +0 pair of boots (worn)
 l - a +0 scale mail (worn)
 s - a +0 cloak (worn)
Jewellery
 m - a +6 ring of dexterity (left hand)
Wands
 r - a wand of digging (5)
 u - a wand of acid (3) (quivered)
Scrolls
 d - a scroll of silence {unknown}
 e - 7 scrolls of identify {unknown}
 f - 3 scrolls of teleportation {unknown}
 h - a scroll of vulnerability {unknown}
 i - a scroll of torment {unknown}
 n - a scroll of summoning {unknown}
 q - a scroll of fear {unknown}
 t - a scroll of blinking {unknown}
Potions
 c - a potion of berserk rage {unknown}
 j - a potion of might {unknown}
 p - a potion of curing {unknown}

#.#8P.©.P8#.#
.....#'
#.#P.....P#.#
.###.#.
#.####'####.#
..#.
#.#.≈...≈)#.#
#.
#.#)≈...≈.#.#
#.
#.#)≈~~~≈.#.#
#.
#.#5≈~⌠~≈.#.#
#.
#.#.≈~~~≈5#.#
#.
#.#.≈.@.≈.#.#
#.
#.#.≈...≈.#.#
#.
#.####+####.#
#.
#.#P..)..~#.#
#.
#.#8P$©$P8#.#
#.#########.#
#.....©.....#
#####.........#
##...####..[


You could see 2 shadow imps.


Message History

The bolt of acid hits the orc priest!
The orc priest seems to be corroded for longer.
You kill the orc priest!
Trog accepts your kill. The shadow imp gestures at you.
Pain shoots through your body!
The orc priest casts a cantrip, but nothing happens.
Aiming: Corrosive Bolt
Press: ? - help, Shift-Dir - straight line, f - orc priest
Aim: an orc priest, wielding a +0 hand axe and wearing a +0 ring mail (75% to hit)
The bolt of acid hits the orc priest!
The acid corrodes the orc priest!
The orc priest is severely wounded.
The bolt of acid misses the orc priest.
Aiming: Corrosive Bolt
Press: ? - help, Shift-Dir - straight line, f/p - orc priest
Aim: an orc priest, wielding a +0 hand axe and wearing a +0 ring mail (75% to hit)
The bolt of acid hits the orc priest!
The acid corrodes the orc priest!
The orc priest is heavily wounded.
The shadow imp gestures at you.
You barely resist.
Use which ability? (? or * to list)
A red film seems to cover your vision as you go berserk!
You feel yourself moving faster!
You feel mighty!
You feel a strong urge to attack something.
You feel your anger nearly subside. The shadow imp gestures at you.
Pain shoots through your body!
There is an open door here.
You are no longer berserk.
You are exhausted.
You feel yourself slow down.
You close the door.
You start resting.
The orc priest is no longer covered in acid.
You start resting.
The orc priest is no longer covered in acid.
You start resting.
You feel yourself speed up.
You start resting.
You recover from your berserk rage.
You open the door.
There is an open door here.
Aiming: Corrosive Bolt
Press: ? - help, Shift-Dir - straight line, f/p - orc priest
Aim: an orc priest, wielding a +0 hand axe and wearing a +0 ring mail (heavily wounded, 75% to hit)
The bolt of acid hits the orc priest!
You kill the orc priest!
Trog accepts your kill.
You have reached level 6!
Aiming: Corrosive Bolt
Press: ? - help, Shift-Dir - straight line, f - orc priest
Aim: an orc priest, wielding a +0 short sword (heavily wounded, 71% to hit)
The bolt of acid hits the orc priest!
The acid corrodes the orc priest!
You kill the orc priest!
Trog accepts your kill. The shadow imp gestures at you.
Pain shoots through your body!
You enter the shallow water.
Moving in this stuff is going to be slow.
There is a fountain of clear blue water here.
You enter the shallow water.
Moving in this stuff is going to be slow.
The shadow imp gestures at you. Pain shoots through your body!
The shadow imp gestures at you. Pain shoots through your body!
* * * LOW HITPOINT WARNING * * *
The shadow imp gestures at you. Pain shoots through your body!
You die...

Action                     |  1- 3 |  4- 6 || total
---------------------------+-------+-------++-------
  Melee: Mace              |    67 |   100 ||   167
         Punch             |       |     1 ||     1
 Invoke: Berserk           |     1 |     4 ||     5
  Evoke: Wand              |       |     6 ||     6
   Stab: Sleeping          |     6 |     3 ||     9
 Armour: Animal skin       |    10 |     9 ||    19
         Ring mail         |       |     9 ||     9
         Scale mail        |       |     8 ||     8
  Dodge: Dodged            |    47 |    63 ||   110

Levels and vault maps discovered:
D:1:      eino_arrival_cavern_a, layout_basic, basic_ecumenical_altar,
          minivault_27
D:2:      layout_basic, serial_curves, eino_curves_04, eino_curves_01,
          minmay_circle_x
D:3:      gammafunk_wand_slinger, layout_basic, dancing_weapons_uskayaw,
          nicolae_qazlal_general_emergency, uniq_sigmund,
          uniq_crazy_yiuf_cottage

Notes
Turn   | Place    | Note
-------+----------+-------------------------------------------
     0 | D:1      | wazuzu the Kobold Berserker began the quest for the Orb.
     0 | D:1      | Reached XP level 1. HP: 14/14 MP: 1/1
   352 | D:1      | Reached skill level 3 in Maces & Flails
   352 | D:1      | Reached XP level 2. HP: 9/19 MP: 2/2
   500 | D:1      | Found a faded altar of an unknown god.
  1106 | D:2      | Reached XP level 3. HP: 23/24 MP: 3/3
  1122 | D:2      | Reached skill level 4 in Fighting
  1122 | D:2      | Reached XP level 4. HP: 24/29 MP: 4/4
  1228 | D:2      | Reached skill level 4 in Maces & Flails
  1682 | D:2      | HP: 5/29 [worm (5)]
  1685 | D:2      | HP: 2/43 [worm (7)]
  1858 | D:2      | Reached ** piety under Trog
  1970 | D:2      | Reached XP level 5. HP: 33/33 MP: 5/5
  2216 | D:3      | Noticed a +0 dagger
  2217 | D:3      | Noticed a +0 dagger
  2242 | D:3      | Found a hide-covered altar of Uskayaw.
  2257 | D:3      | Identified the +8 hand axe "Anuoda" {vamp, rPois MP-9 Str+7
                  | Int+6}
  2422 | D:3      | Found a runed translucent door.
  2425 | D:3      | Noticed Crazy Yiuf
  2432 | D:3      | Killed Crazy Yiuf
  2433 | D:3      | Reached skill level 2 in Armour
  2583 | D:3      | Found a transporter.
  2612 | D:3      | Found a transporter.
  2694 | D:3      | Reached XP level 6. HP: 37/39 MP: 6/6
  2700 | D:3      | Killed from afar by a shadow imp

Vanquished Creatures
  A hound (D:2)
  3 orc priests (D:3)
  Crazy Yiuf (D:3)
  4 adders
  A worm (D:2)
  A dart slug (D:2)
  4 bats (D:2)
  7 endoplasms
  2 giant cockroaches
  3 goblins
  4 hobgoblins
  A jackal (D:2)
  6 quokkas
  4 frilled lizards
  7 kobolds
  3 rats
52 creatures vanquished.
